 Dungeon Crawl Stone Soup version 0.28.0-53-g5a82cb258f (webtiles) character file.

Game seed: 8284755691050935504

12033 Infernotoast the Bludgeoner (level 11, -10/90 HPs)
             Began as a Minotaur Berserker on Aug 1, 2022.
             Was a High Priest of Trog.
             Shot with a bolt by a yaktaur (14 damage)
             ... on level 11 of the Dungeon on Aug 2, 2022.
             The game lasted 01:05:30 (9559 turns).

Infernotoast the Bludgeoner (Minotaur Berserker)    Turns: 9559, Time: 01:05:30

Health: -10/90     AC: 19    Str: 26    XL:     11   Next: 57%
Magic:  10/10      EV:  8    Int:  6    God:    Trog [*****.]
Gold:   388        SH:  3    Dex: 10    Spells: 10/10 levels left

rFire   . . .      SeeInvis +   y - +4 morningstar
rCold   . . .      Faith    .   p - +0 buckler {AC+3}
rNeg    . . .      Spirit   .   q - +0 plate armour
rPois   +          Reflect  .   (helmet restricted)
rElec   .          Harm     .   c - +1 cloak {rPois}
rCorr   +          Rampage  .   m - +0 pair of gloves
Will    .....                   (no boots)
Stlth   ..........              g - amulet of regeneration
HPRegen 1.05/turn               f - ring of resist corrosion
MPRegen 0.12/turn               (no ring)

@: on berserk cooldown, slowed, very slow
A: horns 2, retaliatory headbutt, see invisible, clever 1, sturdy frame 1
a: Renounce Religion, Berserk, Trog's Hand, Brothers in Arms


You were on level 11 of the Dungeon.
You worshipped Trog.
Trog was extremely pleased with you.
You visited 2 branches of the dungeon, and saw 12 of its levels.

You collected 388 gold pieces.

Inventory:

Hand Weapons
 h - a +3 flail of protection
 s - a +3 flail
 y - a +4 morningstar (weapon)
Armour
 c - a +1 cloak of poison resistance (worn)
 i - +0 acid dragon scales
 j - a +3 leather armour of poison resistance
 m - a +0 pair of gloves (worn)
 p - a +0 buckler of protection (worn)
 q - a +0 plate armour (worn)
Jewellery
 d - an amulet of guardian spirit
 f - a ring of resist corrosion (left hand)
 g - an amulet of regeneration (around neck)
 k - an amulet of reflection
 v - a ring of protection from cold
Scrolls
 a - a scroll of summoning {unknown}
 l - 4 scrolls of identify
 o - 5 scrolls of teleportation
Potions
 b - a potion of heal wounds
 e - a potion of curing
 n - a potion of berserk rage {unknown}
 t - a potion of lignification {unknown}
 x - 2 potions of cancellation {unknown}


   Skills:
 + Level 6.3 Fighting
 * Level 20.3 Maces & Flails
 + Level 5.7 Armour
 - Level 2.7 Dodging


You had 10 spell levels left.
You didn't know any spells.
Your spell library was empty.

Dungeon Overview and Level Annotations

Branches:
Dungeon (11/15)            Temple (1/1) D:5            Lair (0/6) D:8
    Orc: D:9-12

Altars:
Ashenzari
Dithmenos
Elyvilon
Fedhas
Gozag
Hepliaklqana
Kikubaaqudgha
Makhleb
Nemelex Xobeh
Okawaru
Qazlal
Ru
Sif Muna
Trog
Uskayaw
Vehumet
Wu Jian
Xom
Yredelemnul
Zin
The Shining One

Shops:
D:8 *


Innate Abilities, Weirdness & Mutations

You have a pair of horns on your head.
You reflexively headbutt those who attack you in melee.
You have supernaturally acute eyesight. (SInv)
Your mind is acute. (Int +2)
Your movements are slightly less encumbered by armour. (ER -2)


Message History

The death knight is moderately wounded.
The death knight hits you with a +0 broad axe.
You puncture the death knight! You headbutt the death knight.
The death knight is heavily wounded.
The death knight hits you with a +0 broad axe!
You bludgeon the death knight!! You headbutt the death knight!
You kill the death knight!
Trog accepts your kill.
Things that are here:
a +0 broad axe; a +0 chain mail; a human corpse
Okay, then.
You feel a strong urge to attack something.
You are no longer berserk.
You are exhausted.
You feel yourself slow down.
A freezing wraith and a cyclops come into view.
The cyclops shouts!
There are monsters nearby!
A yaktaur comes into view.
The yaktaur wields a +0 arbalest.
The yaktaur shoots a bolt.
The bolt hits you!
The yaktaur shoots a bolt.
The bolt hits you.
Things that are here:
a +0 broad axe; a +0 chain mail; a human corpse The yaktaur shoots a bolt.
The bolt hits you!
The yaktaur shoots a bolt.
The bolt hits you!
The yaktaur shoots a bolt.
You block the bolt.
The yaktaur shoots a bolt.
The bolt hits you!
The yaktaur shoots a bolt.
The bolt hits you!
* * * LOW HITPOINT WARNING * * *
You hear a shout!
The yaktaur shoots a bolt.
You block the bolt.
The yaktaur shoots a bolt.
The bolt hits you!!
* * * LOW HITPOINT WARNING * * *
An unseen horror comes into view.
A skeletal warrior comes into view. It is wielding a +0 scimitar.
The unseen horror barely misses you. The unseen horror hits you.
* * * LOW HITPOINT WARNING * * *
The yaktaur shoots a bolt.
The bolt hits you!
You die...

..#####....#####..............#
..# ###..# +.............## ..#
#..# #.............# ..# #..#
#............## ..#
#..#####..........#### ## ..#
#...........z...###♣.##..
..#######.............###♣......#
............<...x...###♣.c..♣).##
................@.###♣....P....#
...#####........##.....cP♣†.♣#.#
...# ..........###♣....P..#.#
...# ............###♣.)..♣#.##
...# ..............###♣...#..#
...# ................###♣.##..
...# ..................#### ..
...# .########...........## ..
...# .# #####........# ##


You could see a skeletal warrior, a yaktaur and an unseen horror (invisible).

Vanquished Creatures
  Gastronok (D:11)
  A two-headed ogre (D:11)
  A death knight (D:11)
  A manticore (D:11)
  7 centaur zombies
  2 trolls
  A merfolk (D:10)
  3 hornets
  11 yaks
  A wyvern (D:10)
  A spriggan (D:10)
  A human (D:10)
  3 vampire mosquitoes (D:9)
  2 wargs (D:8)
  Menkaure (D:7)
  2 water moccasins
  4 acid dragons
  6 orc warriors
  A sky beast (D:8)
  2 black bears
  An ogre (D:4)
  2 necrophages
  8 centaurs
  A phantom (D:7)
  A kobold brigand (D:6)
  4 bullfrogs
  2 scorpions
  2 gnoll sergeants
  A water moccasin zombie (D:9)
  15 killer bees
  6 wights
  2 bullfrog zombies
  A hound (D:5)
  6 orc priests
  A bullfrog skeleton (D:5)
  3 jellies
  A centaur skeleton (D:6)
  Ijyb (D:5)
  2 iguanas
  10 orc wizards
  2 killer bee zombies
  2 hound zombies (D:4)
  A hound skeleton (D:5)
  3 howler monkey zombies
  5 gnolls
  11 adders
  A white imp (D:4)
  An ufetubus (D:7)
  2 dart slugs
  31 orcs
  4 bats
  4 endoplasms
  4 giant cockroaches
  6 goblins
  7 hobgoblins
  4 quokkas
  6 ball pythons
  6 frilled lizards
  11 kobolds
  5 rats
238 creatures vanquished.

Vanquished Creatures (others)
  An orc wizard (D:9)
  11 plants
12 creatures vanquished.

Grand Total: 250 creatures vanquished

Notes
Turn   | Place    | Note
-------+----------+-------------------------------------------
     0 | D:1      | Infernotoast the Minotaur Berserker began the quest for the
                  | Orb.
     0 | D:1      | Reached XP level 1. HP: 19/19 MP: 0/0
    81 | D:1      | Reached XP level 2. HP: 23/27 MP: 1/1
   211 | D:1      | Reached skill level 4 in Maces & Flails
   235 | D:1      | Reached XP level 3. HP: 33/33 MP: 2/2
   252 | D:1      | Reached ** piety under Trog
   790 | D:2      | Reached skill level 5 in Maces & Flails
  1006 | D:2      | Reached XP level 4. HP: 40/40 MP: 3/3
  1046 | D:3      | Noticed a necrophage
  1046 | D:3      | Found a blossoming altar of Fedhas.
  1631 | D:3      | Killed a necrophage
  1632 | D:3      | Reached skill level 6 in Maces & Flails
  1632 | D:3      | Reached XP level 5. HP: 46/46 MP: 4/4
  2005 | D:3      | Found a bloodstained altar of Trog.
  2311 | D:4      | Noticed an ogre
  2319 | D:4      | Killed an ogre
  2320 | D:4      | Reached skill level 7 in Maces & Flails
  2320 | D:4      | Reached XP level 6. HP: 52/52 MP: 5/5
  2501 | D:4      | Reached skill level 8 in Maces & Flails
  2795 | D:4      | Found a basalt altar of Yredelemnul.
  3239 | D:5      | Entered Level 5 of the Dungeon
  3256 | D:5      | Reached skill level 9 in Maces & Flails
  3263 | D:5      | Reached XP level 7. HP: 34/59 MP: 6/6
  3321 | D:5      | Reached *** piety under Trog
  3352 | D:5      | Found a staircase to the Ecumenical Temple.
  3361 | Temple   | Entered the Ecumenical Temple
  3602 | D:5      | Noticed Ijyb
  3609 | D:5      | Killed Ijyb
  3694 | D:5      | Reached skill level 10 in Maces & Flails
  3806 | D:5      | Reached skill level 11 in Maces & Flails
  3806 | D:5      | Reached XP level 8. HP: 56/66 MP: 7/7
  4019 | D:5      | Gained mutation: Your mind is acute. (Int +2) [potion of
                  | mutation]
  4019 | D:5      | Gained mutation: Your movements are slightly less
                  | encumbered by armour. (ER -2) [potion of mutation]
  4019 | D:5      | Gained mutation: You have supernaturally acute eyesight.
                  | (SInv) [potion of mutation]
  4101 | D:6      | Reached skill level 12 in Maces & Flails
  4404 | D:6      | Reached skill level 13 in Maces & Flails
  4944 | D:7      | Noticed Menkaure
  4949 | D:7      | Killed Menkaure
  5367 | D:7      | Found a glowing golden altar of the Shining One.
  5417 | D:7      | Found a white marble altar of Elyvilon.
  5424 | D:7      | Reached skill level 14 in Maces & Flails
  5424 | D:7      | Reached XP level 9. HP: 71/71 MP: 8/8
  5741 | D:8      | Found Keaheuri's Changing Room.
  6108 | D:8      | Reached skill level 15 in Maces & Flails
  6109 | D:8      | Reached **** piety under Trog
  6288 | D:8      | Found a staircase to the Lair.
  6439 | D:8      | Reached skill level 16 in Maces & Flails
  6632 | D:8      | Reached XP level 10. HP: 66/78 MP: 9/9
  6890 | D:9      | Reached skill level 17 in Maces & Flails
  7128 | D:9      | Reached skill level 18 in Maces & Flails
  7280 | D:9      | Found a shimmering blue altar of Sif Muna.
  7295 | D:9      | Found a stormy altar of Qazlal.
  7307 | D:9      | Found a shadowy altar of Dithmenos.
  7472 | D:10     | Entered Level 10 of the Dungeon
  7494 | D:9      | Reached ***** piety under Trog
  7820 | D:10     | Reached skill level 19 in Maces & Flails
  8028 | D:10     | Found an opulent altar of Gozag.
  8168 | D:10     | Reached XP level 11. HP: 84/84 MP: 10/10
  8802 | D:11     | Noticed Gastronok
  8815 | D:11     | Killed Gastronok
  8816 | D:11     | Reached skill level 5 in Fighting
  9056 | D:11     | Found a hazy altar of Hepliaklqana.
  9090 | D:11     | Noticed a two-headed ogre
  9099 | D:11     | Killed a two-headed ogre
  9344 | D:11     | Reached skill level 20 in Maces & Flails
  9344 | D:11     | Reached skill level 5 in Armour
  9517 | D:11     | Noticed a death knight
  9533 | D:11     | Killed a death knight
  9556 | D:11     | HP: 4/90 [yaktaur/bolt (29)]
  9558 | D:11     | Noticed a skeletal warrior
  9559 | D:11     | Shot with a bolt by a yaktaur

Illustrated notes

Levels and vault maps discovered:
D:1:      eino_arrival_tree_alley, layout_rooms
D:2:      layout_basic
D:3:      layout_loops_ring, lightli_temple_of_fire, fedhas_altar_2
D:4:      layout_basic, lemuel_zombie_altar_yredelemnul, nrook_uturn,
          serial_bayou_pond_d, kennysheep_generic_room_11
D:5:      layout_loops_ring, minmay_temple_entry_statues, uniq_ijyb
D:6:      layout_layer_cave, minmay_holes
D:7:      layout_loops_ring, tso_oasis_becter, nicolae_elyvilon_temple_path,
          uniq_menkaure
D:8:      layout_rooms, marbit_many_paths, erik_lair_orcish_takeover,
          minmay_misc_feat_hallway, nicolae_transmutations_shop,
          minmay_diamond_spiral
D:9:      layout_cave_pools, minmay_overflow_temple_star_quad,
          minmay_misc_feat_rows, minmay_joined_circles
D:10:     layout_roguey, grunt_gozag_statues, minmay_misc_feat_tiny,
          st_stairs_12, minmay_liquid_box, hangedman_stone_soup
D:11:     minmay_the_grid_four_pointed_star
          [minmay_the_grid_triangle_9x9_sparse_checkered,
          minmay_the_grid_triangle_9x9_windchime,
          minmay_the_grid_triangle_9x9_warning,
          minmay_the_grid_triangle_9x9_shrine,
          minmay_the_grid_prize_inner_circle], layout_irregular_city,
          nicolae_hepliaklqana_hippocampus, uniq_gastronok
Temple:   nicolae_temple_hex_pool

Skill      XL: |  1  2  3  4  5  6  7  8  9 10 11 |
---------------+----------------------------------+-----
Fighting       | 4 6 |  6.3
Maces & Flails | 4 5 6 7 9 11 14 16 19 20 | 20.3
Armour         | 3 5 |  5.7
Dodging        | |  2.7

Action                   |  1- 3 |  4- 6 |  7- 9 | 10-12 || total
-------------------------+-------+-------+-------+-------++-------
Melee: Mace              |    83 |   106 |   257 |       ||   446
       Headbutt          |    14 |    13 |    72 |    50 ||   149
       Punch             |     2 |     2 |     1 |       ||     5
       Flail             |       |       |    59 |   120 ||   179
       Morningstar       |       |       |       |   176 ||   176
Invok: Berserk           |       |     2 |     5 |     6 ||    13
       Trog's Hand       |       |       |       |     1 ||     1
  Use: Scroll            |     2 |     5 |     2 |     6 ||    15
       Potion            |     1 |     4 |     3 |       ||     8
 Stab: Sleeping          |       |     1 |       |       ||     1
Armor: Animal skin       |    18 |       |       |       ||    18
       Leather armour    |     9 |    50 |    55 |       ||   114
       Scale mail        |       |       |    41 |       ||    41
       Plate armour      |       |       |    27 |   233 ||   260
Dodge: Dodged            |    56 |    68 |   141 |   155 ||   420
Block: Buckler           |       |       |    11 |    38 ||    49
